 Dungeon Crawl Stone Soup version 0.31-a0-963-ga325b2283a (webtiles) character file.

Game seed: 572065980581696007

11247 pokeman the Eclecticist (level 11, -8/57 HPs)
             Began as a Deep Elf Hedge Wizard on Oct 26, 2023.
             Was a Priest of Vehumet.
             Mangled by a two-headed ogre
             ... wielding a +0 giant spiked club
              (17 damage)
             ... on level 9 of the Dungeon.
             The game lasted 00:40:20 (12226 turns).

pokeman the Eclecticist (Deep Elf Hedge Wizard)    Turns: 12226, Time: 00:40:21

Health: -8/57      AC:  9    Str:  7    XL:     11   Next: 46%
Magic:  21/32      EV: 13    Int: 24    God:    Vehumet [***...]
Gold:   483        SH:  0    Dex: 20    Spells: 19/40 levels left

rFire   + . .        i - +2 dagger (elec)
rCold   + . .        (no shield)
rNeg    + . .        b - +0 robe
rPois   .            z - +1 helmet
rElec   .            I - scarf {rC+ rF+}
rCorr   .            w - +0 pair of gloves
SInv    .            N - +2 pair of boots
Will    +....        L - amulet of regeneration
Stlth   +++          D - ring of positive energy
HPRegen 1.09/turn    H - +6 ring of dexterity
MPRegen 0.23/turn

%: no passive effects
@: on blink cooldown, studying Ranged Weapons
A: no striking features
a: Renounce Religion


You were on level 9 of the Dungeon.
You worshipped Vehumet.
Vehumet was most pleased with you.
You visited 2 branches of the dungeon, and saw 10 of its levels.

You collected 574 gold pieces.
You spent 91 gold pieces at shops.

Inventory:

Hand Weapons
 i - a +2 dagger of electrocution (weapon)
 C - a +0 dagger of venom
Missiles
 r - 2 curare-tipped darts
Armour
 b - a +0 robe (worn)
 o - a +0 buckler
 w - a +0 pair of gloves (worn)
 z - a +1 helmet (worn)
 I - a scarf of resistance (worn)
 N - a +2 pair of boots (worn)
Jewellery
 m - an amulet of the acrobat
 D - a ring of positive energy (left hand)
 G - a ring of ice
 H - a +6 ring of dexterity (right hand)
 L - an amulet of regeneration (around neck)
 O - an amulet of guardian spirit
 Q - the brooch of Shielding {Spirit SH+8}
   (You took it off an efreet on level 9 of the Dungeon)

   [amulet of guardian spirit]

   Spirit:    It causes incoming damage to be divided between your reserves of
   health and magic.
   SH+8:      It affects your SH (+8).
Wands
 u - a wand of paralysis (8)
 y - a wand of polymorph (21)
 R - a wand of digging (5)
Scrolls
 f - 3 scrolls of vulnerability {unknown}
 j - 8 scrolls of identify {unknown}
 k - 3 scrolls of fear {unknown}
 l - a scroll of torment {unknown}
 n - 2 scrolls of enchant armour {unknown}
 p - a scroll of noise {unknown}
 q - 2 scrolls of teleportation {unknown}
 s - 2 scrolls of poison {unknown}
 E - a scroll of fog {unknown}
 J - a scroll of blinking {unknown}
 K - 3 scrolls of immolation {unknown}
Potions
 a - 2 potions of degeneration
 c - a potion of lignification {unknown}
 d - 3 potions of magic
 e - 6 potions of curing
 g - a potion of invisibility {unknown}
 h - 3 potions of cancellation {unknown}
 t - 2 potions of haste {unknown}
 v - 6 potions of mutation {unknown}
 x - 2 potions of brilliance {unknown}
 A - a potion of berserk rage {unknown}
 B - a potion of resistance {unknown}
 F - 2 potions of enlightenment {unknown}
 M - a potion of attraction {unknown}
 P - a potion of might {unknown}


   Skills:
 - Level 2.0 Fighting
 + Level 4.6 Armour
 - Level 3.0 Dodging
 - Level 3.0 Stealth
 - Level 4.0 Shields
 * Level 15.4 Spellcasting
 + Level 9.0 Conjurations
 - Level 1.1 Summonings
 - Level 1.1 Translocations
 + Level 8.0 Fire Magic
 - Level 2.2 Ice Magic
 - Level 1.1 Air Magic
 - Level 1.0 Poison Magic
 - Level 1.0 Evocations


You had 19 spell levels left.
You knew the following spells:

 Your Spells              Type           Power      Damage    Failure   Level
a - Magic Dart            Conj           100%       1d8       1%          1
b - Mephitic Cloud        Conj/Pois/Air  36%        N/A       1%          3
c - Call Imp              Summ           46%        N/A       3%          2
d - Blink                 Tloc           46%        N/A       3%          2
e - Foxfire               Conj/Fire      100%       2x1d9     1%          1
f - Flame Wave            Conj/Fire      56%        2d13      1%          4
g - Freezing Cloud        Conj/Ice/Air   19%        6-21      4%          5
h - Hailstorm             Conj/Ice       45%        3d10      1%          3

Your spell library contained the following spells:

 Spells                   Type           Power      Damage    Failure   Level
 Momentum Strike          Conj/Tloc      84%        3d10      1%          2
 Freeze                   Ice            100%       1d10      1%          1
 Poisonous Vapours        Pois/Air       46%        N/A       1%          2
 Scorch                   Fire           100%       2d9       1%          2
 Frozen Ramparts          Ice            58%        1d9       1%          3
 Inner Flame              Hex/Fire       37%        N/A       1%          3
 Sticky Flame             Conj/Fire      56%        2d7       1%          4
 Slow                     Hex            72%        N/A       3%          1
 Cigotuvi's Dreadful Rot  Necr/Pois/Air  42%        N/A       3%          2
 Summon Cactus Giant      Summ           11%        N/A       96%         6


Dungeon Overview and Level Annotations

Branches:
Dungeon (9/15)             Temple (1/1) D:5            Lair (0/5) D:9
    Orc: D:9-12

Altars:
Ashenzari
Cheibriados
Dithmenos
Elyvilon
Fedhas
Gozag
Hepliaklqana
Kikubaaqudgha
Makhleb
Okawaru
Ru
Sif Muna
Trog
Uskayaw
Vehumet
Wu Jian
Xom
Yredelemnul
Zin
The Shining One

Shops:
D:7 !

Annotations:
D:8 3 runed translucent doors, Bahuunn's ghost, novice MiFi


Message History

The foxfire hits the two-headed ogre but does no damage.
The two-headed ogre is moderately wounded.
Unknown command.
Casting: Foxfire (safe; 1% risk of failure)
Confirm with . or Enter, or press ? or * to list all spells.
You conjure some foxfire!
You hit the two-headed ogre but do no damage.
The two-headed ogre is moderately wounded.
The foxfire hits the two-headed ogre.
The two-headed ogre is heavily wounded.
The foxfire hits the two-headed ogre!
The two-headed ogre is heavily wounded.
Unknown command.
Casting: Foxfire (safe; 1% risk of failure)
Confirm with . or Enter, or press ? or * to list all spells.
You conjure some foxfire!
The two-headed ogre seems less confused.
Casting: Foxfire (safe; 1% risk of failure)
Confirm with . or Enter, or press ? or * to list all spells.
You conjure some foxfire!
The foxfire hits the two-headed ogre.
The two-headed ogre is severely wounded.
The two-headed ogre hits you with a +0 giant spiked club!!
The two-headed ogre barely misses you.
Unknown command.
Casting: Foxfire (safe; 1% risk of failure)
Confirm with . or Enter, or press ? or * to list all spells.
You blink.
The foxfire hits the two-headed ogre.
The two-headed ogre is severely wounded.
The foxfire hits the two-headed ogre!
The two-headed ogre is almost dead.
The foxfire hits the two-headed ogre.
The two-headed ogre is almost dead.
The two-headed ogre hits you with a +0 giant spiked club.
The two-headed ogre hits you with a +0 giant club!
* * * LOW HITPOINT WARNING * * *
There is an ancient bone altar of Kikubaaqudgha here.
You hit the bush.
The bush is lightly damaged.
The two-headed ogre hits you with a +0 giant spiked club!
You die...

####### ......#
#####.########## #...<........
.. ..###.####.## #. ### #.#
...###.### #####.#
.........############ ......#
............#.......# #######
......P@....))# )..##
..≈≈..P.O..##.# #...###
#..≈≈..P....##.### ......#
#..≈≈..PPPP.##...#
.###).###..≈≈........#.#.###.#
##..#)##...≈≈........#.......#
....#.#....≈≈≈≈≈≈≈...###.#####
....#......≈≈≈≈≈≈≈....##.#####
#...#........................#


You could see a two-headed ogre.

Vanquished Creatures
  Pikel (D:8)
  3 cyclopes (D:9)
  2 gargoyles
  An efreet (D:9)
  Prince Ribbit (D:7)
  A hornet (D:9)
  9 yaks
  The ghost of arvidsem the Sneak, an amateur VSBr of Dithmenos (D:5)
  A wraith (D:9)
  4 hogs (D:8)
  Grum (D:8)
  A wyvern (D:9)
  4 steam dragons
  A human (D:8)
  8 water moccasins
  2 orc warriors
  3 sky beasts
  3 black bears
  4 ice beasts
  2 ogres (D:5)
  2 wolves (D:8)
  3 centaurs
  4 kobold brigands
  9 bullfrogs
  3 scorpions
  7 wights
  A killer bee (D:9)
  4 howler monkeys
  6 hounds
  A gnoll bouda (D:5)
  6 orc priests
  2 jellies
  8 iguanas
  3 sleepcaps
  Ijyb (D:2)
  8 orc wizards
  Robin (D:3)
  13 adders
  A shadow imp (D:7)
  5 white imps
  A worm (D:2)
  3 dart slugs
  29 orcs
  6 bats
  12 endoplasms
  3 giant cockroaches (D:4)
  20 goblins
  5 hobgoblins
  A jackal (D:1)
  19 kobolds
  A quokka (D:2)
  9 ball pythons
  A frilled lizard (D:1)
  6 rats
257 creatures vanquished.

Vanquished Creatures (collateral kills)
  A phantom (D:6)
  A worm (D:2)
  An endoplasm (D:4)
  8 foxfires (D:9)
11 creatures vanquished.

Vanquished Creatures (others)
  276 foxfires
276 creatures vanquished.

Grand Total: 544 creatures vanquished

Notes
Turn   | Place    | Note
-------+----------+-------------------------------------------
     0 | D:1      | pokeman the Deep Elf Hedge Wizard began the quest for the
                  | Orb.
     0 | D:1      | Reached XP level 1. HP: 10/10 MP: 7/7
   243 | D:1      | Reached XP level 2. HP: 15/15 MP: 5/9
   923 | D:1      | Reached skill level 5 in Spellcasting
  1070 | D:2      | Reached XP level 3. HP: 20/20 MP: 5/11
  1074 | D:2      | Learned a level 3 spell: Mephitic Cloud
  1077 | D:2      | Learned a level 2 spell: Call Imp
  1080 | D:2      | Learned a level 2 spell: Blink
  1440 | D:2      | Reached skill level 1 in Armour
  1650 | D:2      | Reached skill level 1 in Fighting
  1918 | D:2      | Reached XP level 4. HP: 25/25 MP: 5/13
  1938 | D:2      | Noticed Ijyb
  1956 | D:2      | Killed Ijyb
  2364 | D:3      | Found an opulent altar of Gozag.
  2383 | D:3      | Reached skill level 6 in Spellcasting
  2383 | D:3      | Reached XP level 5. HP: 29/29 MP: 4/15
  2568 | D:3      | Reached skill level 1 in Shields
  2649 | D:3      | Found an iron altar of Okawaru.
  2757 | D:3      | Learned a level 5 spell: Freezing Cloud
  3206 | D:3      | Noticed Robin
  3214 | D:3      | Killed Robin
  3519 | D:4      | Reached XP level 6. HP: 27/34 MP: 4/17
  3523 | D:4      | Noticed an orc warrior
  3547 | D:4      | Killed an orc warrior
  3548 | D:4      | Reached skill level 1 in Ice Magic
  3548 | D:4      | Reached skill level 1 in Poison Magic
  3548 | D:4      | Reached skill level 1 in Evocations
  3637 | D:4      | Reached skill level 7 in Spellcasting
  3637 | D:4      | Reached skill level 1 in Air Magic
  4000 | D:4      | Reached XP level 7. HP: 38/38 MP: 4/19
  5201 | D:4      | Learned a level 4 spell: Flame Wave
  5410 | D:5      | Entered Level 5 of the Dungeon
  5486 | D:5      | Reached skill level 8 in Spellcasting
  5530 | D:5      | Reached skill level 1 in Fire Magic
  5695 | D:5      | You fall into a shaft and drop 2 floors!
  5718 | D:6      | Noticed a steam dragon
  5726 | D:6      | Killed a steam dragon
  5726 | D:6      | Noticed a steam dragon
  5727 | D:6      | Reached XP level 8. HP: 40/44 MP: 18/22
  5740 | D:6      | Reached skill level 9 in Spellcasting
  6112 | D:5      | Found a staircase to the Ecumenical Temple.
  6124 | D:5      | Reached skill level 5 in Conjurations
  6132 | Temple   | Entered the Ecumenical Temple
  6205 | Temple   | Became a worshipper of Vehumet
  6429 | D:5      | Found a runed translucent door.
  6430 | D:5      | Noticed arvidsem's ghost (amateur VSBr)
  6450 | D:5      | Reached skill level 10 in Spellcasting
  6974 | D:5      | Reached XP level 9. HP: 48/48 MP: 10/25
  7266 | D:5      | Killed arvidsem's ghost
  7266 | D:5      | Reached * piety under Vehumet
  7266 | D:5      | Offered knowledge of Foxfire by Vehumet.
  7267 | D:5      | Reached skill level 11 in Spellcasting
  7280 | D:5      | Learned a level 1 spell: Foxfire
  9071 | D:7      | Reached skill level 5 in Fire Magic
  9082 | D:7      | Reached skill level 12 in Spellcasting
  9199 | D:7      | Found a glowing silver altar of Zin.
  9210 | D:7      | Found a snail-covered altar of Cheibriados.
  9316 | D:7      | Found a burning altar of Makhleb.
  9348 | D:7      | Found a hazy altar of Hepliaklqana.
  9476 | D:7      | Found a sacrificial altar of Ru.
  9594 | D:7      | Found Xosmout's Distillery.
  9597 | D:7      | Bought a potion of curing for 39 gold pieces
  9597 | D:7      | Bought a potion of curing for 39 gold pieces
  9597 | D:7      | Bought a potion of degeneration for 13 gold pieces
  9704 | D:7      | Found a shimmering altar of Xom.
  9728 | D:7      | Found a blossoming altar of Fedhas.
  9728 | D:7      | Found a shimmering altar of Xom.
  9733 | D:7      | Found a shimmering altar of Xom.
  9733 | D:7      | Found a sacrificial altar of Ru.
  9733 | D:7      | Found a sacrificial altar of Ru.
  9841 | D:7      | Noticed Prince Ribbit
  9847 | D:7      | Killed Prince Ribbit
  9847 | D:7      | Offered knowledge of Searing Ray by Vehumet.
  9848 | D:7      | Reached XP level 10. HP: 53/53 MP: 25/28
  9906 | D:8      | Noticed a gargoyle
  9918 | D:8      | Killed a gargoyle
  9979 | D:8      | Noticed Grum
  9990 | D:8      | Killed Grum
  9993 | D:8      | Reached ** piety under Vehumet
 10014 | D:8      | Reached skill level 13 in Spellcasting
 10276 | D:8      | Noticed Pikel
 10281 | D:8      | Killed Pikel
 10705 | D:8      | Found a runed translucent gate.
 10705 | D:8      | Found a runed translucent gate.
 10705 | D:8      | Found a runed translucent gate.
 10711 | D:8      | Reached skill level 14 in Spellcasting
 10721 | D:8      | Noticed Bahuunn's ghost (novice MiFi)
 11050 | D:9      | Identified the "Kead"
 11050 | D:9      | Identified the "Vabempos"
 11096 | D:9      | Reached XP level 11. HP: 56/57 MP: 16/31
 11631 | D:9      | Offered knowledge of Momentum Strike by Vehumet.
 11649 | D:9      | Learned a level 3 spell: Hailstorm
 11737 | D:9      | Reached skill level 15 in Spellcasting
 11877 | D:9      | Reached *** piety under Vehumet
 11899 | D:9      | Found a staircase to the Lair.
 12206 | D:9      | Found an ancient bone altar of Kikubaaqudgha.
 12210 | D:9      | Noticed a two-headed ogre
 12226 | D:9      | Mangled by a two-headed ogre

Illustrated notes

Levels and vault maps discovered:
D:1:      dpeg_arrival_leaves_temple_mockup, layout_basic
D:2:      kennysheep_the_goblin_king, layout_loops_ring, bh_walls_and_bars
D:3:      layout_loops_cross, overflow_temple_1_default, general_overflow_altar,
          uniq_robin
D:4:      minmay_chambers_of_threes, layout_layer_cave, minmay_manual_moon
D:5:      layout_gridville, minmay_temple_entry_waves,
          ebering_ghost_reflecting_pool, minmay_pentangle
D:6:      cheibrodos_steamvent, layout_cave_pools, minmay_statues_item
D:7:      layout_rooms, doesnt_xom_only_xom,
          mainiacjoe_overflow_concentric_impassable,
          amethyst_overflow_temple_binary, mainiacjoe_overflow_two_lobes,
          serial_shops, kennysheep_mini, minmay_misc_feat_cross,
          uniq_prince_ribbit1
D:8:      layout_gridville, gammafunk_ghost_nasty_kobolds, grunt_ministairs_14,
          hangedman_abyss_or_decor_stagger, grunt_livestock, uniq_pikel,
          uniq_grum
D:9:      minmay_the_grid_triangle_9x9_rhombus_thin
          [minmay_the_grid_triangle_9x9_thin_v,
          minmay_the_grid_triangle_9x9_prize_schism,
          minmay_the_grid_triangle_9x9_pentomino_pain,
          minmay_the_grid_triangle_9x9_minimal], layout_loops_corners,
          mainiacjoe_overflow_chevrons, due_lair_maze_entry_diamond
Temple:   hellmonk_temple_beads

Skill      XL: |  1  2  3  4  5  6  7  8  9 10 11 |
---------------+----------------------------------+-----
Spellcasting   | 5 6 7 8 10 12 14 15 | 15.4
Armour         | 1 2 3 4 |  4.6
Fighting       | 1 2 |  2.0
Conjurations   | 2 3 4 5 7 8 9 |  9.0
Dodging        | 3 |  3.0
Shields        | 1 2 4 |  4.0
Stealth        | 3 |  3.0
Ice Magic      | 1 2 |  2.2
Poison Magic   | 1 |  1.0
Evocations     | 1 |  1.0
Air Magic      | 1 |  1.1
Fire Magic     | 1 3 5 7 8 |  8.0
Summonings     | |  1.1
Translocations | |  1.1

Action                     |  1- 3 |  4- 6 |  7- 9 | 10-12 || total
---------------------------+-------+-------+-------+-------++-------
  Melee: Dagger            |     5 |    68 |   111 |    24 ||   208
         Punch             |       |     1 |     2 |       ||     3
   Cast: Magic Dart        |    98 |   123 |   147 |     3 ||   371
         Call Imp          |     1 |     1 |     9 |     3 ||    14
         Mephitic Cloud    |       |     7 |    21 |    18 ||    46
         Blink             |       |       |   106 |     2 ||   108
         Foxfire           |       |       |    99 |    60 ||   159
         Flame Wave        |       |       |     2 |    27 ||    29
         Freezing Cloud    |       |       |       |     4 ||     4
         Hailstorm         |       |       |       |     3 ||     3
   Stab: Sleeping          |     1 |     1 |       |     1 ||     3
         Confused          |       |     5 |    13 |     1 ||    19
 Armour: Robe              |    10 |    22 |    77 |    46 ||   155
  Dodge: Dodged            |    16 |    47 |    95 |    48 ||   206

Table legend: (Time is in decaauts)
 A = Elapsed time spent in this place.
 B = Non-inter-level travel time spent in this place.
 C = Inter-level travel time spent in this place.
 D = Time resting spent in this place.
 E = Time spent auto-exploring this place.
 F = Levels seen in this place.
 G = Mean time per level.
                   A        B        C        D        E       F      G
               +--------+--------+--------+--------+--------+-----+--------+
         Total |  12223 |  11801 |    422 |    515 |   8759 |  10 | 1222.3 |
       Dungeon |  12076 |  11798 |    278 |    515 |   8759 |   9 | 1341.8 |
        Temple |    146 |      2 |    144 |      0 |      0 |   1 |  146.0 |
               +--------+--------+--------+--------+--------+-----+--------+

Top non-repeatable levels by time:
     D:4: 2123 daAuts
     D:6: 2006 daAuts
     D:5: 1450 daAuts
     D:2: 1290 daAuts
     D:9: 1176 daAuts
     D:8: 1024 daAuts
     D:7: 1011 daAuts
     D:3: 999 daAuts
     D:1: 993 daAuts
  Temple: 146 daAuts
